 Dungeon Crawl Stone Soup version 0.29-a0-323-g050149af67 (webtiles) character file.

Game seed: 17790524950532020835

700 Jortsu the Ruffian (level 7, -5/66 HPs)
             Began as a Troll Hunter on Apr 11, 2022.
             Was a Believer of Fedhas.
             Slain by a yak (10 damage)
             ... on level 5 of the Dungeon.
             The game lasted 00:07:55 (3441 turns).

Jortsu the Ruffian (Troll Hunter)                   Turns: 3441, Time: 00:07:56

Health: -5/66      AC:  5    Str: 20    XL:     7   Next: 38%
Magic:  5/6        EV: 11    Int:  7    God:    Fedhas [**....]
Gold:   363        SH:  0    Dex: 21    Spells: 6/6 levels left

rFire   + . .      SeeInvis .   j - +7 spear "Xirchiclu" {vorpal, Fly rC+ Int+2}
rCold   + . .      Faith    .   (no shield)
rNeg    . . .      Spirit   .   b - +1 robe
rPois   .          Reflect  .   (helmet restricted)
rElec   .          Harm     .   (no cloak)
rCorr   .          Rampage  .   (gloves unavailable)
Will    .....                   (boots unavailable)
Stlth   ++........              (no amulet)
HPRegen 1.01/turn               g - +6 ring of dexterity
MPRegen 0.10/turn               i - ring of protection from fire

@: flying
A: large, unfitting armour, claws 3, regeneration 1, shaggy fur 1, tough skin 1
a: Renounce Religion, Wall of Briars


You were on level 5 of the Dungeon.
You worshipped Fedhas.
Fedhas was pleased with you.
You visited 1 branch of the dungeon, and saw 5 of its levels.

You collected 363 gold pieces.

Inventory:

Hand Weapons
 a - a +2 hunting sling of chaos
 j - the +7 spear "Xirchiclu" (weapon) {vorpal, Fly rC+ Int+2}
   (You found it on level 4 of the Dungeon)

   It inflicts extra damage upon your enemies.
   Int:       It affects your intelligence (+2).
   rC:        It protects you from cold.
   Fly:       It grants you flight.
Armour
 b - a +1 robe (worn)
Jewellery
 g - a +6 ring of dexterity (left claw)
 i - a ring of protection from fire (right claw)
 m - a ring of fire
Scrolls
 c - a scroll of immolation
 e - a scroll of fog
 k - 3 scrolls of enchant armour
 p - a scroll of fear
 q - a scroll of teleportation
 r - 2 scrolls of identify
Potions
 d - a potion of resistance
 f - 3 potions of curing
 h - 2 potions of berserk rage
 l - 2 potions of might
 n - a potion of attraction {unknown}
 o - a potion of lignification {unknown}


   Skills:
 + Level 2.3 Fighting
 + Level 2.8 Polearms
 + Level 3.2 Slings
 + Level 3.4 Dodging
 + Level 2.0 Stealth
 + Level 3.5 Unarmed Combat
 + Level 0.1 Invocations


You had 6 spell levels left.
You didn't know any spells.
Your spell library contained the following spells:

 Spells                   Type           Power      Damage    Failure   Level
 Beastly Appendage        Tmut           0%         N/A       43%         1
 Pain                     Necr           0%         1d4       43%         1
 Blink                    Tloc           0%         N/A       56%         2
 Wereblood                Tmut           0%         N/A       56%         2
 Call Canine Familiar     Summ           0%         N/A       80%         3
 Lesser Beckoning         Tloc           0%         N/A       80%         3
 Portal Projectile        Hex/Tloc       0%         N/A       80%         3
 Spider Form              Tmut/Pois      0%         N/A       80%         3
 Leda's Liquefaction      Hex/Erth       0%         N/A       99%         4
 Agony                    Necr           0%         N/A       100%        5
 Blade Hands              Tmut           0%         N/A       100%        5
 Excruciating Wounds      Necr           0%         N/A       100%        5
 Irradiate                Conj/Tmut      0%         3d13      100%        5
 Manifold Assault         Tloc           0%         N/A       100%        5
 Dragon Form              Tmut           0%         N/A       100%        7


Dungeon Overview and Level Annotations

Branches:
Dungeon (5/15)
 Temple: D:4-7

Altars:
Dithmenos
Fedhas
Sif Muna
Zin

Shops:
D:1 *   D:2 [(![   D:3 [   D:4 !![*


Innate Abilities, Weirdness & Mutations

You are too large for most types of armour.
You have claws for hands.
Your natural rate of healing is unusually fast.
You are covered in fur. (AC +1)
You have tough skin. (AC +1)


Message History

The yak is moderately wounded.
The yak gores you!
You closely miss the yak.
The yak is moderately wounded.
The yak gores you.
You barely miss the yak.
The yak is moderately wounded.
Your briar patch disappears in a puff of smoke!
You puncture the yak!
The yak is moderately wounded.
The yak gores your briar patch but does no damage.
You hit the yak but do no damage.
The yak is moderately wounded.
The yak gores you! The yak gores your briar patch.
You puncture the yak!
The yak is heavily wounded.
The yak closely misses you.
The yak gores your briar patch but does no damage.
You hit the yak.
The yak is heavily wounded.
Your briar patch disappears in a puff of smoke! x3
The yak completely misses you.
You barely miss the yak.
The yak is heavily wounded.
The yak gores you. The yak gores you!
You hit the yak.
The yak is severely wounded.
Your briar patch disappears in a puff of smoke!
The yak barely misses you. The yak gores you!
You closely miss the yak.
The yak is severely wounded.
Your briar patch disappears in a puff of smoke!
The yak barely misses you. The yak gores you. The yak attacks as you move away!
The yak gores you!
* * * LOW HITPOINT WARNING * * *
The yak attacks as you move away! The yak gores you!
* * * LOW HITPOINT WARNING * * *
The yak attacks as you move away! The yak gores you!
You die...
Fedhas appreciates your contribution to the ecosystem.

#.#..##.. #.#..####
#.#..#####.# #.#........#
#.####.####### # #.............
#.. ############.#......
#....#######P...........#######
#............Y@.........# ###
#..<..######§Y..........# #<.
#.... #.§§.........# #.. #...
############## #.. ##. #.. #
#.. #.. ###


You could see 2 yaks.

Vanquished Creatures
  A yak (D:5)
  A necrophage (D:5)
  A scorpion (D:3)
  2 howler monkeys (D:4)
  2 hounds (D:4)
  2 orc priests (D:5)
  An iguana (D:5)
  An orc wizard (D:5)
  5 adders
  3 worms (D:2)
  3 dart slugs
  6 orcs
  7 endoplasms
  4 giant cockroaches
  4 goblins
  4 hobgoblins
  9 jackals
  2 quokkas (D:2)
  11 ball pythons
  8 bats
  3 frilled lizards
  5 kobolds
  3 rats
88 creatures vanquished.

Vanquished Creatures (collateral kills)
  A scorpion (D:5)
  An orc (D:5)
2 creatures vanquished.

Grand Total: 90 creatures vanquished

Notes
Turn   | Place    | Note
-------+----------+-------------------------------------------
     0 | D:1      | Jortsu the Troll Hunter began the quest for the Orb.
     0 | D:1      | Reached XP level 1. HP: 19/19 MP: 0/0
   335 | D:1      | Reached XP level 2. HP: 23/27 MP: 1/1
   367 | D:1      | Found Ipliqil's Assorted Antiques.
   499 | D:1      | Reached XP level 3. HP: 33/33 MP: 2/2
   784 | D:2      | Found Umuphih's Antique Armour Emporium.
   820 | D:2      | Reached skill level 1 in Unarmed Combat
   834 | D:2      | Found Ohayh's Antique Weapon Shoppe.
  1015 | D:2      | Found a shimmering blue altar of Sif Muna.
  1067 | D:2      | Found Xonukuut's Distillery.
  1117 | D:2      | Found a faded altar of an unknown god.
  1124 | D:2      | Prayed at the altar of an unknown god.
  1124 | D:2      | Became a worshipper of Fedhas Madash
  1124 | D:2      | Reached * piety under Fedhas
  1172 | D:2      | Found Gytor's Antique Armour Shop.
  1288 | D:3      | Reached XP level 4. HP: 41/41 MP: 3/3
  1612 | D:3      | Found Pyeherar's Antique Armour Boutique.
  1737 | D:3      | Found a shadowy altar of Dithmenos.
  1744 | D:3      | Noticed a scorpion
  1753 | D:3      | Killed a scorpion
  1754 | D:3      | Reached XP level 5. HP: 41/49 MP: 4/4
  2100 | D:4      | Found Yzaidaen's Distillery.
  2103 | D:4      | Identified the +7 spear "Xirchiclu" {vorpal, Fly rC+ Int+2}
  2121 | D:4      | Reached ** piety under Fedhas
  2126 | D:4      | Reached skill level 1 in Stealth
  2138 | D:4      | Found Gocacar's Distillery.
  2191 | D:4      | Found a shimmering blue altar of Sif Muna.
  2526 | D:4      | Reached XP level 6. HP: 50/57 MP: 5/5
  2539 | D:4      | Reached skill level 1 in Polearms
  2628 | D:4      | Found Ixel Lan's Armour Boutique.
  2635 | D:4      | Found Zin's Purification Station.
  2638 | D:4      | Found a glowing silver altar of Zin.
  2974 | D:5      | Entered Level 5 of the Dungeon
  3305 | D:5      | Reached XP level 7. HP: 20/65 MP: 4/6
  3408 | D:5      | Noticed a yak
  3410 | D:5      | Noticed a yak
  3418 | D:5      | Noticed a yak
  3424 | D:5      | Killed a yak
  3441 | D:5      | Slain by a yak

Illustrated notes

Levels and vault maps discovered:
D:1:      dpeg_arrival_pits, layout_basic, serial_shops,
          nicolae_shop_hallway_plus
D:2:      layout_basic, serial_shops, nicolae_shop_crystal, shop_fountains,
          nicolae_shop_behind_doors, nicolae_shop_hallway_stairs,
          dreamdust_ecumenical_altar_angels_and_demons, basic_altar, minivault_4
D:3:      layout_loops_ring, grunt_dithmenos_smoke, serial_shops,
          nicolae_shop_waterfront, nrook_mini_backslash
D:4:      minmay_door_path, layout_basic, mainiacjoe_overflow_alcove_1,
          zin_purify, serial_shops, shop_statue, shop, kennysheep_mini,
          minmay_quantized
D:5:      layout_basic, grunt_ministairs_1

Skill      XL: |  1  2  3  4  5  6  7 |
---------------+----------------------+-----
Slings         | 3 |  3.2
Dodging        | 2 3 |  3.4
Unarmed Combat | 1 2 3 |  3.5
Stealth        | 1 2 |  2.0
Polearms       | 2 |  2.8
Fighting       | 2 |  2.3
Invocations    | |  0.1

Action                   |  1- 3 |  4- 6 |  7- 9 || total
-------------------------+-------+-------+-------++-------
Melee: Unarmed           |   132 |    38 |       ||   170
       Punch             |     2 |       |     2 ||     4
       Spear             |       |    74 |    21 ||    95
Invok: Wall of Briars    |       |     2 |     1 ||     3
  Use: Scroll            |     8 |     5 |       ||    13
 Stab: Sleeping          |     2 |     6 |       ||     8
Armor: Robe              |    53 |    41 |     2 ||    96
Dodge: Dodged            |    89 |    69 |     9 ||   167

Table legend: (Time is in decaauts)
 A = Elapsed time spent in this place.
 B = Non-inter-level travel time spent in this place.
 C = Inter-level travel time spent in this place.
 D = Time resting spent in this place.
 E = Time spent auto-exploring this place.
 F = Levels seen in this place.
 G = Mean time per level.
                   A        B        C        D        E       F      G
               +--------+--------+--------+--------+--------+-----+--------+
         Total |   3442 |   3378 |     64 |    107 |   2389 |   5 |  688.4 |
       Dungeon |   3442 |   3378 |     64 |    107 |   2389 |   5 |  688.4 |
               +--------+--------+--------+--------+--------+-----+--------+

Top non-repeatable levels by time:
     D:4: 879 daAuts
     D:3: 812 daAuts
     D:1: 666 daAuts
     D:2: 617 daAuts
     D:5: 467 daAuts
